 Dungeon Crawl Stone Soup version 0.13-a0-2557-g7ea0453 (console) character file.

6808 fdsfsd the Carver (level 10, -2/75 HPs)
             Began as a Demigod Gladiator on July 29, 2013.
             Slain by a spiny frog (13 damage)
             ... on Level 2 of the Lair of Beasts.
             The game lasted 00:19:36 (10071 turns).

fdsfsd the Carver (Demigod Gladiator)              Turns: 10071, Time: 00:19:37

HP  -2/75        AC 23     Str 22      XL: 10   Next: 38%
MP  17/17        EV  6     Int 15      God:
Gold 477         SH 12     Dex 17      Spells:  0 memorised,  9 levels left

Res.Fire  : . . .   See Invis. : .   c - +3,+2 scimitar
Res.Cold  : + . .   Warding    : .   e - +1 orc plate armour
Life Prot.: + . .   Conserve   : .   W - +0 buckler
Res.Poison: .       Res.Corr.  : .   r - +1 dwarf spiked helmet
Res.Elec. : .       Clarity    : .   v - +0 orc cloak (curse)
Sust.Abil.: . .     Spirit.Shd : .   C - +2 pair of gauntlets
Res.Mut.  : .       Stasis     : .   k - +0 pair of boots
Res.Rott. : .       Flight     : .   (no amulet)
Saprovore : . . .                    y - cursed ring of positive energy
                                     j - ring of protection from cold

@: very poisoned, somewhat resistant to hostile enchantments, extremely
unstealthy
A: no striking features
a: no special abilities


You were on level 2 of the Lair of Beasts.
You were not hungry.

You visited 2 branches of the dungeon, and saw 11 of its levels.

You collected 457 gold pieces.

Inventory:

Hand weapons
 c - a +3,+2 scimitar (weapon)
 i - a +2,+1 dagger of venom
Missiles
 d - 3 throwing nets (quivered)
 N - 9 poisoned needles
Armour
 e - a +1 orcish plate armour (worn)
 k - a +0 pair of boots (worn)
 r - a +1 dwarven spiked helmet (worn)
 v - a cursed +0 orcish cloak (worn)
 C - a +2 pair of gauntlets (worn)
 G - the +0 helmet of Duty {Str+3 Int+3}
   (You found it on level 4 of the Dungeon)

   It affects your strength (+3).
   It affects your intelligence (+3).
 W - a +0 buckler (worn)
Magical devices
 b - a wand of enslavement (12)
 g - a wand of fire (7)
 F - a wand of fireball (4)
 I - a wand of paralysis (4)
Comestibles
 f - 7 bread rations
 h - 2 chunks of hippogriff flesh
 u - 6 meat rations
 w - 2 chokos
 O - a pear
 Y - 2 apples
Scrolls
 q - 4 scrolls of identify
 s - a scroll of magic mapping
 D - a scroll of immolation {unknown}
 J - a scroll of holy word {unknown}
 S - a scroll of enchant weapon I
 T - a scroll of remove curse
 V - a scroll of curse jewellery
Jewellery
 j - a ring of protection from cold (left hand)
 m - an uncursed ring of ice
 x - an uncursed ring of teleportation
 y - a cursed ring of positive energy (right hand)
 B - an uncursed ring of positive energy
 L - a +5 ring of strength
Potions
 n - 2 potions of resistance
 o - 4 potions of agility {unknown}
 p - 2 potions of invisibility
 t - 2 potions of degeneration {unknown}
 z - 2 potions of poison {unknown}
 A - a potion of brilliance {unknown}
 E - 5 potions of curing
 P - a potion of speed
 Q - 3 potions of might {unknown}
 R - 2 potions of mutation {unknown}
Books
 a - a book of Conjurations

   Spells                             Type                      Level
   Magic Dart                         Conjuration                  1
   Searing Ray                        Conjuration                  2
   Dazzling Spray                     Conjuration/Hexes            3
   Iskenderun's Mystic Blast          Conjuration                  4
   Iskenderun's Battlesphere          Conjuration/Charms           4
   Fulminant Prism                    Conjuration/Hexes            5


   Skills:
 - Level 1.7 Fighting
 + Level 10.8 Long Blades
 - Level 1.7 Throwing
 + Level 9.0 Armour
 - Level 2.6 Dodging
 - Level 5.3 Shields


You had 9 spell levels left.
You didn't know any spells.

Dungeon Overview and Level Annotations

Branches:
Dungeon (9/27) Temple (0/1) D:4 D:6 Lair (2/8) D:9 Orc: D:6-11


Message History

The spiny frog is severely wounded.
* * * LOW HITPOINT WARNING * * *
You feel very sick.
You feel a little better. You block the spiny frog's attack.
You closely miss the spiny frog.
The spiny frog is severely wounded.
* * * LOW HITPOINT WARNING * * *
You feel sick. The spiny frog barely misses you.
You barely miss the spiny frog.
The spiny frog is severely wounded.
* * * LOW HITPOINT WARNING * * *
You feel very sick. You block the spiny frog's attack.
You slash the spiny frog!
The spiny frog is almost dead.
* * * LOW HITPOINT WARNING * * *
You feel very sick. The spiny frog stings you!
You die...

## #.####.
.......
....... ###
....f...##@#
.........F##
###.#......#
##....##
##.### #. #.
F. #.


You could see a spiny frog.

Vanquished Creatures
  Pikel (D:6)
  A spiny frog (Lair:2)
  Grinder (D:4)
  A basilisk (D:9)
  9 yaks
  A hippogriff (Lair:2)
  A manticore (D:8)
  3 porcupines (D:9)
  2 phantoms (D:7)
  3 ice beasts
  2 centaurs
  5 ogres
  A crocodile (D:8)
  A slave (D:6)
  A giant slug (D:9)
  Blork the orc (D:7)
  2 giant frogs
  An agate snail (D:9)
  3 orc warriors
  A troll skeleton (D:7)
  6 wights
  A killer bee (D:8)
  A goliath beetle (D:8)
  2 crimson imps (D:6)
  3 hounds
  An iguana (Lair:1)
  7 orc priests
  8 worker ants
  A scorpion (D:7)
  6 orc wizards
  An ogre zombie (D:8)
  10 adders
  A giant centipede (D:9)
  8 green rats
  2 giant mites
  An inept feature mimic (D:2)
  4 worms
  A jelly (D:6)
  A giant eyeball (D:5)
  2 oozes
  24 orcs
  15 bats
  8 giant cockroaches
  13 goblins
  17 hobgoblins
  9 jackals
  17 kobolds
  4 quokkas
  A ball python (D:2)
  3 giant geckos
  5 giant newts
  A giant spore (D:9)
  14 rats
  A ballistomycete (D:9)
  A fungus (D:9)
241 creatures vanquished.

Vanquished Creatures (others)
  A hobgoblin (D:6)
  A fungus (D:4)
  3 plants (D:9)
5 creatures vanquished.

Grand Total: 246 creatures vanquished

Notes
Turn   | Place    | Note
--------------------------------------------------------------
     0 | D:1      | fdsfsd, the Demigod Gladiator, began the quest for the Orb.
     0 | D:1      | Reached XP level 1. HP: 18/18 MP: 2/2
    68 | D:1      | Reached skill level 3 in Long Blades
   163 | D:1      | Reached XP level 2. HP: 20/25 MP: 3/3
   834 | D:1      | Reached XP level 3. HP: 30/30 MP: 5/5
   868 | D:2      | Reached skill level 4 in Long Blades
  1033 | D:2      | HP: 1/30 [worm (7)]
  1696 | D:2      | Reached XP level 4. HP: 35/37 MP: 7/7
  1969 | D:3      | Found a basalt altar of Yredelemnul.
  2173 | D:3      | Reached skill level 5 in Long Blades
  2781 | D:3      | Reached XP level 5. HP: 44/44 MP: 8/8
  3193 | D:4      | Reached skill level 6 in Long Blades
  3210 | D:4      | Noticed Grinder
  3431 | D:4      | Found a blossoming altar of Fedhas.
  3444 | D:4      | Reached skill level 1 in Armour
  3638 | D:4      | Paralysed by Grinder for 7 turns
  3647 | D:4      | Paralysed by Grinder for 4 turns
  3657 | D:4      | Paralysed by Grinder for 7 turns
  3667 | D:4      | Killed Grinder
  3667 | D:4      | Reached XP level 6. HP: 20/50 MP: 10/10
  3850 | D:4      | Found a staircase to the Ecumenical Temple.
  3857 | D:4      | Got a heavily runed helmet
  3920 | D:4      | Paralysed by you for 3 turns
  4007 | D:4      | Reached XP level 7. HP: 56/56 MP: 12/12
  4058 | D:5      | Entered Level 5 of the Dungeon
  4393 | D:5      | Reached skill level 7 in Long Blades
  4441 | D:5      | Paralysed by a giant eyeball for 4 turns
  4451 | D:5      | Paralysed by a giant eyeball for 3 turns
  5113 | D:6      | Reached XP level 8. HP: 60/62 MP: 13/13
  5150 | D:6      | Reached skill level 8 in Long Blades
  5268 | D:6      | Reached skill level 5 in Armour
  5590 | D:6      | Noticed Pikel
  5603 | D:6      | Killed Pikel
  5676 | D:6      | Reached skill level 9 in Long Blades
  5788 | D:6      | Found a staircase to the Ecumenical Temple.
  5937 | D:6      | Identified the +0 helmet of Duty {Str+3 Int+3} (You found it on level 4 of the Dungeon)
  6259 | D:7      | Reached skill level 1 in Shields
  6582 | D:7      | Found a deep blue altar of Sif Muna.
  6674 | D:7      | Reached XP level 9. HP: 24/68 MP: 15/15
  7148 | D:7      | Noticed Blork the orc
  7169 | D:7      | Killed Blork the orc
  7581 | D:8      | Found a sparkling altar of Nemelex Xobeh.
  8238 | D:9      | Reached skill level 10 in Long Blades
  8295 | D:8      | Reached XP level 10. HP: 43/75 MP: 17/17
  8809 | D:9      | Reached skill level 5 in Shields
  9088 | D:9      | Found a staircase to the Lair.
  9156 | Lair:1   | Entered Level 1 of the Lair of Beasts
  9488 | Lair:1   | Got a pair of pitted boots
  9494 | Lair:1   | Identified the +0 pair of boots of Ediec {+Inv rF+ Dam-6} (You found it on level 1 of the Lair of Beasts)
  9793 | Lair:1   | Noticed a six-headed hydra
 10071 | Lair:2   | Slain by a spiny frog

Action                   |  1- 3 |  4- 6 |  7- 9 | 10-12 || total
-------------------------+-------+-------+-------+-------++-------
Melee: Falchion          |   139 |   187 |   258 |       ||   584
       Dagger            |     6 |     8 |       |       ||    14
       Scimitar          |       |       |   280 |   218 ||   498
       Long sword        |       |       |    12 |       ||    12
Evoke: Wand              |       |     5 |    25 |     2 ||    32
  Use: Scroll            |     1 |     6 |     4 |     9 ||    20
       Potion            |       |       |     2 |     3 ||     5
 Stab: Sleeping          |     2 |       |       |       ||     2
       Paralysed         |       |     5 |     9 |       ||    14
